 Dungeon Crawl Stone Soup version 0.10-a0-1614-gaacbd52 character file.

433346 ghallberg the Acrobat (level 26, -6/176 HPs)
             Began as a Kobold Assassin on Oct 31, 2011.
             Was an Elder of Trog.
             Mangled by an ice dragon (12 damage)
             ... on Level 4 of the Realm of Zot.
             The game lasted 06:22:58 (98462 turns).

ghallberg the Acrobat (Kobold Assassin)            Turns: 98462, Time: 06:22:58

HP  -6/176       AC 12     Str 13 (15) XL: 26   Next: 29%
MP  18/18        EV 41     Int  9      God: Trog [****..]
Gold 1754        SH 23     Dex 24      Spells:  0 memorised, 25 levels left

Res.Fire  : + + +   See Invis. : +   a - +5 sabre of Xom's Righteous Fury {vamp, +I Res.Cold : + + . Warding : . . Y - +2 robe {MR} Life Prot.: + . . Conserve : + o - +3 buckler {AC+3} Res.Acid. : + . . Res.Corr. : + c - +2 horned helmet
Res.Poison: +       Clarity    : .   Q - +2 cloak {rCorr, Cons}
Res.Elec. : +       Spirit.Shd : .   J - +3 pair of gloves of the Game of Life {rEl
Sust.Abil.: . .     Stasis     : .   C - -5 pair of boots "Quucer" {rF+ rC+}
Res.Mut.  : +       Ctrl.Telep.: .   e - amulet of resist mutation
Res.Rott. : .       Levitation : .   Z - ring of Shadows {+Inv rN+ EV+4 Acc-4 SInv Saprovore : + + . Ctrl.Flight: . l - ring of the Lonely Spirits {rC+ MR Str+2}

@: regenerating, exhausted, very slightly contaminated, slowed, very slow,
uncannily resistant to hostile enchantments, incredibly stealthy
A: disease resistance, blurry vision 1, carnivore 3, deformed body 1,
deterioration 3, -10% mp, saprovore 2, Str -1, Dex -1
a: Burn Spellbooks, Berserk, Trog's Hand, Brothers in Arms, Renounce Religion,
Evoke Invisibility
}: 3/15 runes: serpentine, barnacled, silver


You were on level 4 of the Realm of Zot.
You worshipped Trog.
Trog was extremely pleased with you.
You were near starving.

You visited 10 branches of the dungeon, and saw 69 of its levels.
You visited 1 Labyrinth.
You visited 1 portal chamber: bailey.

You collected 7241 gold pieces.
You spent 5537 gold pieces at shops.

Inventory:

Hand weapons
 a - the +5,+5 sabre of Xom's Righteous Fury (weapon) {vamp, +Inv rPois rF++}
   (You found it on level 8 of the Lair of Beasts)

   It inflicts no extra harm, but heals its wielder somewhat when it strikes a
   living foe.
   It greatly protects you from fire.
   It protects you from poison.
   It lets you turn invisible.
 b - a +0 blowgun
 P - a +0,+6 anti-magic sabre {god gift}
 U - a +4,+4 dagger of venom
Missiles
 d - 5 exploding +4 darts {god gift}
 u - 12 +4 darts (quivered)
 y - 7 curare-tipped +2 needles {god gift}
 H - 3 curare-tipped +0 needles
Armour
 c - a +2 horned helmet (worn)
 o - a +3 buckler of protection (worn)
 C - the -5 pair of boots "Quucer" (worn) {rF+ rC+}
   (You bought it in a shop on level 8 of the Vaults)

   It protects you from fire.
   It protects you from cold.
 J - the +3 pair of gloves of the Game of Life (worn) {rElec rF+ MR}
   (You bought it in a shop on level 7 of the Dungeon)

   It protects you from fire.
   It insulates you from electricity.
   It increases your resistance to enchantments.
 Q - a +2 cloak of preservation (worn)
 Y - a +2 robe of magic resistance (worn)
Magical devices
 i - a wand of hasting (2)
 v - a wand of polymorph other (7)
 w - a wand of digging (9)
 z - a wand of lightning (6)
 I - a wand of teleportation (0)
 L - a wand of fire (8)
 V - a wand of disintegration (4)
 X - a wand of invisibility (3)
Comestibles
 g - 20 honeycombs
Scrolls
 f - 4 scrolls of detect curse
 j - 2 scrolls of remove curse
 m - 5 scrolls of teleportation
 n - 2 scrolls of fear
 p - a scroll of holy word
 s - a scroll of magic mapping
 t - 2 scrolls of fog
 B - 2 scrolls of identify
 G - 5 scrolls of blinking
Jewellery
 e - an amulet of resist mutation (around neck)
 h - an uncursed amulet of conservation
 l - the ring of the Lonely Spirits (left hand) {rC+ MR Str+2}
   (You found it on level 17 of the Dungeon)

   [ring of protection from magic]

   It affects your strength (+2).
   It protects you from cold.
 N - the ring "Ucix" {Hunger- +Inv Dex+1 Stlth++}
   (You bought it in a shop on level 1 of the Snake Pit)

   [ring of sustenance]

   It affects your dexterity (+1).
   It lets you turn invisible.
   It makes you much more stealthy.
 W - the amulet "Qiziw" {Spirit +Rage +Inv Int+4}
   (You bought it in a shop on level 1 of the Snake Pit)

   [amulet of guardian spirit]

   It affects your intelligence (+4).
   It lets you turn invisible.
   It lets you go berserk.
 Z - the ring of Shadows (right hand) {+Inv rN+ EV+4 Acc-4 SInv Stlth++}
   (You found it on level 3 of the Shoals)

   [ring of invisibility]

   It affects your evasion (+4).
   It affects your accuracy (-4).
   It protects you from negative energy.
   It enhances your eyesight.
   It makes you much more stealthy.
Potions
 q - 4 potions of resistance
 r - 7 potions of curing
 x - a potion of speed
 D - a potion of cure mutation
 M - a potion of levitation
 O - 6 potions of agility
 S - a potion of might
 T - 2 potions of invisibility


   Skills:
 * Level 21 Fighting
 + Level 16 Short Blades
 - Level 8 Throwing
 * Level 22 Dodging
 + Level 22 Stealth
 + Level 18 Stabbing
 + Level 12 Shields
 + Level 15 Traps & Doors
 * Level 7 Evocations


You had 25 spell levels left.
You didn't know any spells.

Dungeon Overview and Level Annotations

Branches:
Dungeon (27/27)            Temple (1/1) D:6             Orc (4/4) D:11
    Elf (5/5) Orc:3          Lair (8/8) D:12         Shoals (5/5) Lair:6
  Slime (0/6) Lair:8        Snake (5/5) Lair:4        Vault (8/8) D:14
  Blade (1/1) Vault:6       Crypt (0/5) Vault:3         Zot (5/5) D:27

Altars:
Ashenzari
Cheibriados
Elyvilon
Fedhas
Kikubaaqudgha
Makhleb
Nemelex Xobeh
Okawaru
Sif Muna
The Shining One
Trog
Vehumet
Xom
Yredelemnul
Zin
Jiyva

Shops:
D:7: * D:12: [ D:18: ( D:20: [ D:21: ? D:23: = Orc:2: = Orc:4: ![[/ Elf:4: ( Shoals:2: + Shoals:3: ? Snake:1: ![= Vault:3: = Vault:8: ?%!??[

Portals:
Hell: D:21 D:22 D:23 D:24 D:25 D:26 D:27
Abyss: D:21 D:23 D:25
Pan: D:21 D:24

Annotations
D:26 Mennas
Lair:1 exclusion: 2 oklob plants


Innate Abilities, Weirdness & Mutations

You recuperate from illness quickly.
You are small and have problems with some larger weapons.
You are carnivorous and can eat meat at any time.
You can eat rotten meat.
Your vision is a little blurry.
You are clumsy (Dex -1).
Armour fits poorly on your unusually shaped body.
Your body is rapidly deteriorating.
Your magical capacity is low (-10% MP).
You are weak (Str -1).


Message History

Your surroundings suddenly seem different.
An ice dragon comes into view.
The ice dragon breathes frost at you. The blast of cold misses you.
Use which ability? (? or * to list)
Your skin crawls.
You feel resistant to hostile enchantments.
You feel slightly more hungry. The ice dragon completely misses you.
You block the ice dragon's attack. The ice dragon tramples you!
You stumble backwards!
* * * LOW HITPOINT WARNING * * *
Drink which item? (? for menu, Esc to quit)
You feel better. The ice dragon breathes frost at you.
The blast of cold hits you! You resist.
* * * LOW HITPOINT WARNING * * *
The ice dragon completely misses you. You block the ice dragon's attack.
The ice dragon completely misses you.
Read which item? (? for menu, Esc to quit)
The writing blurs in front of your eyes.
The ice dragon bites you!
You die...

*,* *** *,* *,, *,*
*,* *,* *, #######
*,* *,* #.....# *,*
*,*
#.....#**##,******,*
#.....##... ,,,,,,,,
#..........,>,,,,,,,
#.....##....,*****,*
#..@........,,,,,,,,
#..D..#####.******,*
#.....# *,* *,*
#.....# *,* *,*
#.....# *,* *,*
####### *,* *,* *,*
*,* *,* *,* *,* *,*
*,* *,* *,* *,*


You could see an ice dragon.

Vanquished Creatures
  Saint Roka (D:19)
  Boris (Shoals:2)
  Norris (D:18)
  Margery (Shoals:4)
  A golden dragon (Zot:2)
  Nikola (Snake:1)
  6 Orb Guardians (Zot:5)
  2 deep elf blademasters (Elf:5)
  A quicksilver dragon (Vault:8)
  5 shadow dragons
  Kirke (D:16)
  8 storm dragons
  A sphinx (D:23)
  Rupert (D:17)
  Agnes (D:22)
  Frances (D:22)
  A Shadow Fiend (Elf:5)
  Roxanne (Orc:4)
  2 draconian monks (Zot:3)
  Aizul (Snake:1)
  Donald (Shoals:4)
  An orc warlord (Orc:4)
  3 frost giants
  Wiglaf (D:26)
  Louise (D:16)
  An azure jelly (Snake:2)
  3 fire giants
  27 stone giants
  5 tentacled monstrosities
  A draconian shifter (Zot:5)
  2 draconian annihilators
  9 greater nagas (Snake:5)
  2 green draconians (Zot:5)
  A grey draconian (Zot:2)
  A Green Death (Elf:5)
  Jozef (D:12)
  2 mottled draconians (Zot:5)
  4 yellow draconians
  2 black draconians
  6 white draconians
  Azrael (Snake:2)
  12 deep elf annihilators
  2 red draconians
  7 deep elf sorcerers
  5 deep elf death magi (Elf:5)
  A pale draconian (Zot:1)
  2 deep elf master archers (Elf:5)
  3 ettins
  20 vault guards
  Snorg (D:14)
  15 yaktaur captains
  10 dancing weapons (Blade)
  A siren (shapeshifter) (Vault:8)
  A great orb of eyes (D:20)
  2 sirens (Shoals:2)
  A dragon (shapeshifter) (Vault:2)
  4 dragons
  A minotaur (Lab)
  4 death oozes (Snake:2)
  A death cob (Zot:1)
  11 hydras
  An ice dragon (Zot:1)
  Josephine (D:14)
  8 ogre magi
  A merfolk javelineer (Shoals:4)
  2 merfolk aquamancers
  2 anacondas
  An alligator snapping turtle (Shoals:5)
  Nessos (Elf:2)
  An anaconda (shapeshifter) (D:19)
  3 deep elf demonologists (Elf:5)
  A merfolk impaler (Shoals:5)
  15 death yaks
  A deep troll (Vault:8)
  3 orc high priests (Orc:4)
  2 deep elf high priests (Elf:5)
  A frost giant zombie (Vault:8)
  3 stone giant zombies
  18 centaur warriors
  A sphinx skeleton (D:19)
  Nergalle (Vault:3)
  A fire giant zombie (Vault:6)
  A vapour (Vault:8)
  3 catoblepae (Lair:8)
  4 stone giant skeletons
  5 very ugly things
  6 hell knights (Shoals:4)
  9 skeletal warriors
  3 iron trolls
  A sun demon (Vault:6)
  2 ice devils
  A giant orange brain (Vault:6)
  An iron troll (shapeshifter) (Vault:7)
  2 sea snakes (shapeshifter)
  9 naga warriors
  18 deep elf knights
  A flayed ghost (Vault:6)
  A wizard (Vault:2)
  2 sea snakes
  An iron troll zombie (Vault:6)
  22 orc knights
  A lindwurm (shapeshifter) (Vault:8)
  16 hill giants
  A giant amoeba (D:16)
  An iron troll skeleton (D:20)
  A siren zombie (D:25)
  An unseen horror (Vault:1)
  7 harpies
  2 shining eyes (shapeshifter)
  12 orc sorcerers
  A necromancer (Shoals:4)
  2 draconians (shapeshifter)
  13 guardian serpents (Snake:5)
  6 griffons
  A sixfirhy (Elf:5)
  8 moths of wrath
  10 cyclopes
  A harpy skeleton (D:18)
  3 phantasmal warriors
  A dragon zombie (Vault:6)
  2 red wasp zombies (D:25)
  4 red wasps
  4 spiny worms
  2 trapdoor spiders
  2 elephant slugs
  4 wolf spiders
  An elephant (shapeshifter) (Vault:8)
  34 black mambas
  A hellwing (Vault:8)
  A stone golem (Vault:4)
  A fire crab (Vault:7)
  A black mamba (shapeshifter) (D:19)
  30 yaktaurs
  An elf skeleton (Elf:5)
  8 feature mimics
  A griffon zombie (D:25)
  8 elephants
  60 slime creatures
  3 orange demons (Elf:5)
  An ice dragon skeleton (D:16)
  3 hill giant zombies (D:14)
  9 rock trolls
  2 ettin skeletons
  8 spiny frogs
  6 mermaids
  13 naga magi
  A slime creature (shapeshifter) (D:17)
  13 trolls
  3 iron devils
  A hill giant skeleton (D:23)
  A queen bee (Lair:7)
  6 komodo dragons
  A polar bear (Lair:7)
  Sonja (Elf:2)
  3 smoke demons
  12 two-headed ogres
  113 ugly things
  Prince Ribbit (Lair:3)
  A deep troll zombie (Vault:6)
  4 rock troll zombies
  9 snapping turtles
  14 blink frogs
  A spriggan (D:9)
  A giant firefly (shapeshifter) (Vault:2)
  2 rock troll skeletons
  A red wasp simulacrum (Vault:2)
  5 brown oozes (Snake:2)
  The ghost of ghallberg the Sneak, an average KoAs (D:3)
  A grizzly bear (Lair:7)
  2 redback zombies (D:25)
  8 basilisks
  9 wraiths
  A hairy devil (Elf:5)
  3 wyverns
  102 yaks
  A vampire (Vault:2)
  5 sharks
  A chaos spawn (Orc:4)
  2 octopodes (shapeshifter)
  A hog (D:16)
  A fire crab zombie (D:25)
  5 fire drakes
  20 deep elf fighters
  6 fire elementals (Snake:2)
  4 hungry ghosts
  20 merfolk
  19 deep elf conjurers
  8 manticores
  11 hippogriffs
  A wood golem (D:11)
  2 yaktaur zombies
  3 ynoxinuls
  A clay golem (D:19)
  6 vampire mosquitoes
  A merfolk (shapeshifter) (Vault:8)
  6 war dogs (Lair:4)
  6 elves (shapeshifter)
  An item mimic (Elf:3)
  14 deep elf summoners
  6 necrophages
  A cyclops zombie (Vault:4)
  4 neqoxecs
  A mottled dragon (Vault:2)
  2 rock worms
  A soldier ant (D:13)
  A dwarf (shapeshifter) (Vault:8)
  54 orc warriors
  A yaktaur skeleton (Vault:2)
  2 hell hounds (Snake:2)
  12 deep elf priests
  4 yellow wasps
  6 freezing wraiths
  3 sky beasts
  2 cyclops skeletons
  An ice beast (D:14)
  A blink frog simulacrum (D:19)
  A queen bee zombie (D:9)
  2 yak zombies
  15 centaurs
  A kobold demonologist (D:19)
  4 troll zombies
  2 red devils
  4 boring beetles
  2 redback simulacra
  2 giant goldfish (Vault:2)
  A centaur (shapeshifter) (Elf:1)
  2 bumblebee zombies (D:25)
  34 ogres
  16 crocodiles
  2 brain worms
  9 big kobolds
  80 nagas
  A troll skeleton (D:21)
  A boulder beetle zombie (Vault:7)
  4 rotting devils
  26 deep elf magi
  19 giant frogs
  4 giant slugs
  A silver statue (Elf:3)
  8 elf zombies
  12 wargs
  33 water moccasins
  8 agate snails
  3 basilisk skeletons
  A basilisk zombie (D:14)
  A warg zombie (Orc:4)
  5 boulder beetles
  58 killer bees
  2 killer bee zombies (D:25)
  A lava fish (Lair:6)
  2 eyes of draining
  11 electric eels
  7 wights
  4 jellyfish
  A big kobold zombie (D:14)
  7 goliath beetles
  2 lava snakes (Lair:6)
  4 iron imps
  34 orc priests
  11 iguanas
  8 crimson imps
  A gnoll shaman (D:7)
  3 shadows
  12 hounds
  A basilisk simulacrum (D:27)
  A hound zombie (D:25)
  4 orange rats (Vault:2)
  16 worker ants
  A hound skeleton (D:12)
  10 scorpions
  7 big fish (D:14)
  45 orc wizards
  6 porcupines
  30 sheep
  4 quasits
  48 deep elf soldiers
  A worm zombie (D:25)
  13 jellies
  4 boggarts (D:14)
  2 goliath beetle zombies (D:25)
  A mummy (Vault:1)
  11 gnolls
  8 giant centipedes
  41 green rats
  7 lemures
  A giant centipede zombie (D:12)
  A midge (Elf:3)
  48 snakes
  7 orc zombies (Orc:4)
  A shadow imp (Elf:5)
  An iguana skeleton (D:4)
  A snake skeleton (D:14)
  3 white imps (Elf:5)
  3 worms
  14 ufetubi
  A giant centipede simulacrum (Vault:1)
  A grey rat (Vault:2)
  A bat skeleton (D:4)
  2 giant mite zombies (D:25)
  7 giant geckos
  212 orcs
  46 bats
  7 giant cockroaches
  41 goblins
  32 hobgoblins
  11 oozes
  10 small snakes
  A giant gecko zombie (D:25)
  7 giant newts
  2 giant spores
  A goblin zombie (D:7)
  A hobgoblin zombie (D:11)
  19 jackals
  66 kobolds
  A kobold skeleton (D:10)
  8 quokkas
  2 quokka skeletons
  25 rats
  A rat zombie (D:7)
  A ballistomycete (D:12)
  A butterfly (Elf:5)
  3 fungi
  5 plants
  A toadstool (Lair:5)
2572 creatures vanquished.

Vanquished Creatures (collateral kills)
  A greater naga (Snake:5)
  2 naga warriors (Snake:5)
  An orc knight (Orc:4)
  3 guardian serpents (Snake:5)
  4 oklob plants (D:24)
  A naga mage (Snake:5)
  3 orc warriors (Orc:4)
  An ogre (Orc:4)
  2 nagas (Snake:5)
  A warg (Orc:4)
  4 orc wizards (Orc:4)
  4 orcs (Orc:4)
27 creatures vanquished.

Vanquished Creatures (others)
  A deep elf annihilator (Elf:5)
  A deep elf death mage (Elf:5)
  A lorocyproca (Elf:5)
  3 deep elf knights
  A naga warrior (Snake:5)
  A hill giant (D:17)
  A harpy (Shoals:5)
  A guardian serpent (Snake:5)
  63 slime creatures
  A black mamba (Snake:4)
  5 ugly things
  2 two-headed ogres
  A troll (Orc:4)
  2 yaks
  3 deep elf conjurers
  A fire drake (Lair:8)
  A war dog (Lair:4)
  An orc warrior (Vault:6)
  3 nagas
  4 ogres
  A redback simulacrum (Vault:6)
  2 deep elf magi
  2 water moccasins
  A warg (Orc:4)
  A killer bee (Elf:5)
  A boulder beetle (D:26)
  An iguana (Lair:4)
  3 humans (D:16)
  A porcupine (Lair:6)
  A scorpion (D:4)
  4 deep elf soldiers
  An orc wizard (D:8)
  3 sheep
  A snake (Snake:4)
  An elf zombie (Elf:5)
  2 orc zombies (Orc:4)
  An ufetubus (Elf:2)
  10 orcs
  A goblin (D:1)
  A hobgoblin (D:23)
  A giant spore (D:10)
  2 kobolds (Vault:1)
  A kobold zombie (D:8)
  A rat (Lair:6)
  4 fungi
  5 plants
  118 toadstools
268 creatures vanquished.

Grand Total: 2867 creatures vanquished

Notes
Turn   | Place    | Note
--------------------------------------------------------------
     0 | D:1      | ghallberg, the Kobold Assassin, began the quest for the Orb.
     0 | D:1      | Reached XP level 1. HP: 12/12 MP: 0/0
   109 | D:1      | Reached XP level 2. HP: 4/16 MP: 1/1
  1115 | D:2      | Reached XP level 3. HP: 21/21 MP: 2/2
  1727 | D:3      | Noticed ghallberg's ghost (average KoAs)
  1860 | D:4      | Reached XP level 4. HP: 26/26 MP: 3/3
  2015 | D:4      | Reached skill level 5 in Stealth
  2015 | D:4      | Reached XP level 5. HP: 20/31 MP: 4/4
  2872 | D:4      | Reached XP level 6. HP: 36/36 MP: 5/5
  3155 | D:5      | Entered Level 5 of the Dungeon
  3642 | D:5      | Found an iron altar of Okawaru.
  3644 | D:5      | Found a white marble altar of Elyvilon.
  4096 | D:6      | Found a staircase to the Ecumenical Temple.
  4183 | D:6      | Reached skill level 5 in Fighting
  4183 | D:6      | Reached skill level 6 in Stealth
  4183 | D:6      | Reached XP level 7. HP: 41/41 MP: 6/6
  4716 | D:7      | Found a sand-covered staircase.
  5062 | D:7      | Found Runuaf's Assorted Antiques.
  5080 | D:7      | Reached skill level 5 in Dodging
  5106 | D:7      | Bought a pair of slimy gloves for 192 gold pieces
  5107 | D:7      | Identified the cursed +3 pair of gloves of the Game of Life (You bought it in a shop on level 7 of the Dungeon)
  5158 | D:7      | Reached skill level 5 in Short Blades
  5331 | D:7      | Reached XP level 8. HP: 41/47 MP: 5/7
  5384 | Temple   | Entered the Ecumenical Temple
  5431 | Temple   | Became a worshipper of Trog the Wrathful
  6048 | D:8      | Acquired Trog's first power
  6406 | D:8      | Reached skill level 7 in Stealth
  6531 | D:8      | Reached skill level 5 in Stabbing
  6696 | D:8      | Acquired Trog's second power
  7349 | D:8      | Reached XP level 9. HP: 52/52 MP: 8/8
  7718 | D:3      | Defeated ghallberg's ghost
  7883 | D:3      | Found a shattered altar of Ashenzari.
  8776 | D:9      | Got a crude amber ring
  9181 | D:9      | Reached skill level 8 in Stealth
  9392 | D:9      | Found a flagged portal. 9411
                  | bailey
                  | Entered the bailey 9566
                  | bailey
                  | Acquired Trog's third power 9708
                  | bailey
                  | Reached XP level 10. HP: 59/59 MP: 9/9
 10802 | D:9      | Found a deep blue altar of Sif Muna.
 10988 | D:10     | Entered Level 10 of the Dungeon
 11438 | D:10     | Reached skill level 9 in Fighting
 12077 | D:10     | Reached XP level 11. HP: 60/66 MP: 8/10
 12133 | D:10     | Reached skill level 10 in Dodging
 12354 | D:11     | Reached skill level 10 in Fighting
 12386 | D:10     | Reached skill level 10 in Stealth
 13076 | D:11     | Gained mutation: Your muscles are strong (Str +1).
 13305 | D:11     | Found a staircase to the Orcish Mines.
 13391 | D:11     | Reached skill level 11 in Dodging
 14101 | D:12     | Noticed Jozef
 14111 | D:12     | Defeated Jozef
 14502 | D:12     | Found a staircase to the Lair.
 14604 | D:12     | Found Reirees' Armour Boutique.
 14613 | D:12     | Bought a +2 buckler of protection for 538 gold pieces
 14865 | D:13     | Reached skill level 1 in Shields
 14865 | D:13     | Reached XP level 12. HP: 73/73 MP: 11/11
 14946 | D:13     | Reached skill level 10 in Short Blades
 15404 | D:13     | Reached skill level 5 in Traps & Doors
 16332 | D:14     | Reached skill level 12 in Dodging
 16337 | D:14     | Found a staircase to the Vaults.
 16373 | D:14     | Noticed Snorg
 16392 | D:14     | Defeated Snorg
 16823 | D:14     | Received a gift from Trog
 16926 | D:14     | Reached skill level 5 in Shields
 16945 | D:14     | Reached XP level 13. HP: 80/80 MP: 10/12
 17013 | D:14     | Noticed Josephine
 17434 | D:13     | Reached skill level 13 in Stealth
 17579 | Lair:1   | Entered Level 1 of the Lair of Beasts
 18929 | Lair:2   | Received a gift from Trog
 19721 | Lair:3   | Noticed Prince Ribbit
 19776 | Lair:3   | Defeated Prince Ribbit
 20786 | Lair:3   | Received a gift from Trog
 20797 | Lair:3   | Got a pitted dagger {god gift}
 20799 | Lair:3   | Identified the dagger of the Moth {god gift, slay orc, rPois rF-} (Trog gifted it to you on level 3 of the Lair of Beasts)
 21291 | Lair:4   | Found a staircase to the Snake Pit.
 21988 | Lair:4   | Reached XP level 14. HP: 87/87 MP: 13/13
 22910 | Lair:4   | Reached skill level 14 in Stealth
 22919 | Lair:4   | Received a gift from Trog
 25033 | Lair:6   | Found a staircase to the Shoals.
 25752 | Lair:7   | Received a gift from Trog
 25770 | Lair:7   | Reached skill level 5 in Throwing
 26261 | Lair:7   | Gained mutation: Your muscles are strong (Str +2).
 26666 | Lair:7   | Reached skill level 10 in Traps & Doors
 26844 | Lair:7   | Received a gift from Trog
 26858 | Lair:7   | Reached skill level 15 in Stealth
 27138 | Lair:8   | Entered Level 8 of the Lair of Beasts
 27192 | Lair:8   | Reached XP level 15. HP: 76/94 MP: 11/14
 27232 | Lair:8   | Found an iron altar of Okawaru.
 27690 | Lair:8   | Reached skill level 15 in Dodging
 28389 | Lair:8   | Found a staircase to the Slime Pits.
 28389 | Lair:8   | Found a viscous altar of Jiyva.
 29548 | Lair:8   | Received a gift from Trog
 29562 | Lair:8   | Reached skill level 16 in Stealth
 29609 | Lair:8   | Got a faintly glowing sabre
 29612 | Lair:8   | Identified the +5,+5 sabre of Xom's Righteous Fury (You found it on level 8 of the Lair of Beasts)
 29618 | Lair:8   | Gained mutation: You have a pair of small antennae on your head.
 29618 | Lair:8   | Gained mutation: Armour fits poorly on your unusually shaped body.
 29618 | Lair:8   | Gained mutation: Your body is slowly deteriorating.
 29619 | Lair:8   | Lost mutation: Armour fits poorly on your unusually shaped body.
 29619 | Lair:8   | Lost mutation: Your muscles are strong (Str +2).
 29619 | Lair:8   | Lost mutation: Your body is slowly deteriorating.
 29619 | Lair:8   | Lost mutation: Your muscles are strong (Str +1).
 29677 | Lair:8   | Lost mutation: You have a pair of small antennae on your head.
 30370 | Orc:1    | Entered Level 1 of the Orcish Mines
 30724 | Orc:3    | Found a staircase to the Elven Halls.
 31171 | Orc:2    | Found Gusy's Jewellery Emporium.
 31182 | Orc:2    | Received a gift from Trog
 31489 | Orc:2    | Reached skill level 10 in Stabbing
 31713 | Orc:1    | Received a gift from Trog
 31902 | Orc:4    | Entered Level 4 of the Orcish Mines
 32055 | Orc:4    | Reached XP level 16. HP: 96/101 MP: 13/15
 32402 | Orc:3    | Found a burning altar of Makhleb.
 32615 | Orc:3    | Reached skill level 1 in Evocations
 32701 | Orc:4    | Noticed Roxanne
 32949 | Orc:4    | Defeated Roxanne
 33060 | Orc:4    | Noticed an orc warlord
 33258 | Orc:4    | Defeated an orc warlord
 33478 | Orc:4    | Found Qenotty's Armour Boutique.
 33496 | Orc:4    | Noticed an orc high priest
 33513 | Orc:4    | Noticed an orc high priest
 33528 | Orc:4    | Noticed an orc high priest
 33823 | D:14     | Defeated Josephine
 34092 | D:15     | Entered Level 15 of the Dungeon
 34166 | D:15     | Reached skill level 5 in Evocations
 34359 | D:15     | Got an encrusted ring mail
 34369 | D:15     | Identified the cursed -6 ring mail of Phiyto (You found it on level 15 of the Dungeon)
 34817 | D:15     | Got a steaming ring mail
 34827 | D:15     | Identified the +5 ring mail of Caikkic (You took it off an orc warrior on level 15 of the Dungeon)
 34872 | D:15     | Reached skill level 15 in Fighting
 35101 | D:16     | Received a gift from Trog
 35161 | D:16     | Noticed Kirke
 35162 | D:16     | Noticed Louise
 35192 | D:16     | Defeated Kirke
 35372 | D:16     | Found a snail-covered altar of Cheibriados.
 36170 | Snake:1  | Entered Level 1 of the Snake Pit
 36218 | Snake:1  | Found Loch's Antique Armour Emporium.
 36223 | Snake:1  | Bought a runed robe for 23 gold pieces
 36223 | Snake:1  | Bought a jewelled leather armour for 231 gold pieces
 36231 | Snake:1  | Identified the -6 leather armour of the Bagpipe (You bought it in a shop on level 1 of the Snake Pit)
 36281 | Snake:1  | Found Mueg's Distillery.
 36287 | Snake:1  | Bought a potion of heal wounds for 42 gold pieces
 36287 | Snake:1  | Bought a potion of curing for 28 gold pieces
 36439 | Snake:1  | Noticed Aizul
 36474 | Snake:1  | Defeated Aizul
 36606 | Snake:1  | Noticed Nikola
 36626 | Snake:1  | Defeated Nikola
 36632 | Snake:1  | Identified a +0 cloak of preservation (You took it off Nikola on level 1 of the Snake Pit)
 36702 | Snake:1  | Found Frurracs' Jewellery Emporium.
 36712 | Snake:1  | Bought the amulet "Qiziw" {Spirit +Rage +Inv Int+4} for 795 gold pieces
 36795 | Snake:1  | Reached skill level 17 in Stealth
 36891 | Snake:1  | Received a gift from Trog
 37469 | Snake:2  | Received a gift from Trog
 37591 | Snake:1  | Bought the ring "Ucix" {Hunger- +Inv Dex+1 Stlth++} for 512 gold pieces
 37850 | Snake:2  | Noticed Azrael
 37943 | Snake:2  | Defeated Azrael
 37943 | Snake:2  | Received a gift from Trog
 37943 | Snake:2  | Reached XP level 17. HP: 95/108 MP: 14/16
 38055 | Snake:2  | Found a viscous altar of Jiyva.
 38297 | Snake:2  | Received a gift from Trog
 38941 | Snake:3  | Received a gift from Trog
 39003 | Snake:3  | Found a basalt altar of Yredelemnul.
 39717 | Snake:4  | Received a gift from Trog
 40020 | Snake:4  | Received a gift from Trog
 40034 | Snake:4  | Got a slimy dagger {god gift}
 40036 | Snake:4  | Identified the -6,+3 dagger of Interdependent Arising {god gift} (Trog gifted it to you on level 4 of the Snake Pit)
 40584 | Snake:5  | Entered Level 5 of the Snake Pit
 40591 | Snake:5  | Got a phosphorescent cloak
 40607 | Snake:5  | Identified the +0 cloak of Starlight (You found it on level 5 of the Snake Pit)
 42099 | Snake:5  | Received a gift from Trog
 42644 | Snake:5  | Reached XP level 18. HP: 109/115 MP: 8/17
 42889 | Snake:5  | Received a gift from Trog
 43432 | Orc:4    | Found Naosayc's Magical Wand Boutique.
 43546 | Orc:4    | Found Cuschoopp's Antique Armour Emporium.
 43580 | Orc:4    | Defeated an orc high priest
 43615 | Orc:4    | Found Quevysm's Distillery.
 43624 | Orc:4    | Defeated an orc high priest
 43842 | Orc:4    | Reached skill level 10 in Shields
 43905 | Orc:4    | Defeated an orc high priest
 43939 | Orc:4    | Bought a potion of resistance for 105 gold pieces
 43939 | Orc:4    | Bought a potion of curing for 30 gold pieces
 43939 | Orc:4    | Bought 2 potions of agility for 75 gold pieces
 44241 | Vault:1  | Entered Level 1 of the Vaults
 44604 | Vault:1  | Received a gift from Trog
 45205 | Vault:2  | Reached skill level 18 in Stealth
 45629 | Vault:2  | Received a gift from Trog
 45961 | Vault:2  | Received a gift from Trog
 46338 | Vault:2  | Received a gift from Trog
 46891 | D:16     | Defeated Louise
 47351 | D:17     | Reached XP level 19. HP: 122/122 MP: 18/18
 47508 | D:17     | Noticed Rupert
 47548 | D:17     | Defeated Rupert
 47731 | D:17     | Received a gift from Trog
 47909 | D:17     | Got a steaming steel ring
 48019 | D:17     | Received a gift from Trog
 48732 | D:18     | Noticed Norris
 48915 | D:18     | Received a gift from Trog
 49180 | D:18     | Defeated Norris
 49184 | D:18     | Got a smoking buckler
 49201 | D:18     | Identified the +2 buckler "Lyrryq" (You took it off Norris on level 18 of the Dungeon)
 49269 | D:18     | Found Klygolao's Weapon Shop.
 49400 | D:18     | Identified the ring of the Lonely Spirits {Str+2} (You found it on level 17 of the Dungeon)
 50022 | D:19     | Identified a scroll of acquirement
 50706 | D:19     | Noticed Saint Roka
 51337 | D:19     | Defeated Saint Roka
 51632 | D:20     | Entered Level 20 of the Dungeon
 52023 | D:20     | Reached XP level 20. HP: 130/130 MP: 18/18
 52120 | D:20     | Found Hioll's Armour Shoppe.
 52893 | Orc:4    | Bought a horned helmet for 70 gold pieces
 52898 | Orc:4    | Bought a wand of fire (7) for 374 gold pieces
 52898 | Orc:4    | Bought a wand of lightning (9) for 221 gold pieces
 53467 | Snake:5  | Received a gift from Trog
 53503 | Snake:5  | Got a serpentine rune of Zot
 54808 | Vault:3  | Found Xefiezoedaz's Jewellery Emporium.
 54902 | Vault:3  | Found a staircase to the Crypt.
 55427 | Vault:3  | Noticed Nergalle
 55435 | Vault:3  | Defeated Nergalle
 55798 | Vault:4  | Received a gift from Trog
 56453 | Vault:4  | Reached skill level 19 in Stealth
 56544 | Vault:4  | Received a gift from Trog
 56736 | Vault:4  | Received a gift from Trog
 59279 | Vault:6  | Received a gift from Trog
 60712 | Vault:6  | Reached XP level 21. HP: 136/136 MP: 14/19
 61102 | Vault:6  | Received a gift from Trog
 61762 | Vault:6  | Found a staircase to the Hall of Blades.
 62148 | Vault:7  | Noticed a deep elf sorcerer
 62148 | Vault:7  | Noticed a quicksilver dragon
 62490 | Blade    | Entered the Hall of Blades
 63884 | D:21     | Found a one-way gate leading to the halls of Pandemonium.
 63993 | D:21     | Found a one-way gate to the infinite horrors of the Abyss.
 64304 | D:21     | Found a gateway to Hell.
 64463 | D:21     | Found Xuediera's Magic Scroll Shoppe.
 64469 | D:21     | Bought a scroll of acquirement for 572 gold pieces
 64736 | D:22     | Received a gift from Trog
 64970 | D:22     | Noticed Frances
 64975 | D:22     | Defeated Frances
 65221 | D:22     | Noticed Agnes
 65223 | D:22     | Defeated Agnes
 65376 | D:22     | Received a gift from Trog
 65654 | D:23     | Reached XP level 22. HP: 138/144 MP: 14/19
 65958 | D:23     | Noticed a deep elf priest
 65973 | D:23     | Defeated a deep elf priest
 66018 | D:23     | Found Klovvoowox's Jewellery Emporium.
 66040 | D:23     | Found a burning altar of Makhleb.
 67000 | D:24     | Found a deep blue altar of Sif Muna.
 67692 | D:25     | Entered Level 25 of the Dungeon
 67901 | D:25     | Reached skill level 20 in Stealth
 69002 | D:26     | Reached skill level 15 in Stabbing
 69043 | D:26     | Noticed Mennas
 69405 | D:26     | Received a gift from Trog
 69605 | D:26     | Noticed Wiglaf
 69608 | D:26     | Defeated Wiglaf
 70304 | Shoals:1 | Entered Level 1 of the Shoals
 70525 | Shoals:1 | Received a gift from Trog
 71304 | Shoals:2 | Found Cysh's Book Shop.
 71428 | Shoals:2 | Noticed Boris
 71438 | Shoals:2 | Defeated Boris
 71566 | Shoals:2 | Received a gift from Trog
 72356 | Shoals:3 | Reached XP level 23. HP: 152/152 MP: 18/20
 72372 | Shoals:3 | Got a black ring
 72375 | Shoals:3 | Identified the ring of Shadows (You found it on level 3 of the Shoals)
 72402 | Shoals:3 | Found Biech's Magic Scroll Emporium.
 72415 | Shoals:3 | Bought a scroll of blinking for 93 gold pieces
 73015 | Shoals:4 | Noticed Donald
 73038 | Shoals:4 | Received a gift from Trog
 73047 | Shoals:4 | Defeated Donald
 73234 | Shoals:4 | Reached XP level 22. HP: 139/146 MP: 16/19
 73270 | Shoals:4 | Noticed Margery
 73307 | Shoals:4 | Defeated Margery
 73307 | Shoals:4 | Reached XP level 23. HP: 152/152 MP: 11/20
 73449 | Shoals:4 | Received a gift from Trog
 73924 | Shoals:5 | Entered Level 5 of the Shoals
 74167 | Shoals:4 | Received a gift from Trog
 74317 | Shoals:4 | Received a gift from Trog
 74818 | Shoals:5 | Got a barnacled rune of Zot
 75655 | Elf:1    | Entered Level 1 of the Elven Halls
 75975 | Elf:1    | Gained mutation: Your muscles are strong (Str +1).
 76739 | Elf:2    | Noticed Nessos
 76813 | Elf:2    | Got a crude leather armour
 76814 | Elf:2    | Identified the +1 leather armour "Xisixoj" (You found it on level 2 of the Elven Halls)
 76827 | Elf:2    | Defeated Nessos
 76927 | Elf:2    | Noticed Sonja
 76969 | Elf:2    | Defeated Sonja
 76972 | Elf:2    | Received a gift from Trog
 78099 | Elf:4    | Received a gift from Trog
 78126 | Elf:4    | Found Ycael's Antique Weapon Boutique.
 78138 | Elf:4    | Found a labyrinth entrance.
 78148 | Lab      | Entered a Labyrinth
 80093 | Elf:4    | Received a gift from Trog
 80486 | Elf:5    | Entered Level 5 of the Elven Halls
 80804 | Elf:5    | Received a gift from Trog
 81478 | Elf:5    | Noticed a deep elf blademaster
 81494 | Elf:5    | Noticed a deep elf master archer
 81496 | Elf:5    | Defeated a deep elf blademaster
 81497 | Elf:5    | Noticed a deep elf master archer
 81700 | Elf:5    | Defeated a deep elf master archer
 81764 | Elf:5    | Gained mutation: You are dopey (Int -1).
 82243 | Elf:5    | Reached skill level 21 in Dodging
 82636 | Elf:5    | Noticed a deep elf blademaster
 82662 | Elf:5    | Defeated a deep elf blademaster
 82662 | Elf:5    | Reached XP level 24. HP: 141/160 MP: 14/20
 82763 | Elf:5    | Defeated a deep elf master archer
 84736 | Elf:5    | Received a gift from Trog
 84765 | Elf:5    | Got a wavering ivory ring
 84767 | Elf:5    | Got a heavily runed lapis lazuli ring
 84776 | Elf:5    | Identified the cursed ring "Zashem" (You found it on level 5 of the Elven Halls)
 84777 | Elf:5    | Identified the ring "Conkuime" (You found it on level 5 of the Elven Halls)
 85810 | Vault:7  | Received a gift from Trog
 85964 | Vault:7  | Noticed a quicksilver dragon
 85969 | Vault:7  | A quicksilver dragon changed into an iron troll
 87143 | Vault:7  | A hill giant changed into a shining eye
 87150 | Vault:7  | Defeated a shining eye
 87384 | Vault:8  | Entered Level 8 of the Vaults
 89056 | Vault:7  | Received a gift from Trog
 89403 | Vault:8  | Gained mutation: You tend to lose your temper in combat.
 89448 | Vault:8  | Reached XP level 25. HP: 148/167 MP: 15/21
 89508 | Vault:8  | Found Notam's Magic Scroll Emporium.
 89555 | Vault:8  | Bought a scroll of identify for 26 gold pieces
 89561 | Vault:8  | Found Sianotz's Magic Scroll Shop.
 89565 | Vault:8  | Bought a scroll of enchant armour for 60 gold pieces
 89578 | Vault:8  | Found Hyaqioro's Distillery.
 89619 | Vault:8  | Lost mutation: Your muscles are strong (Str +1).
 89619 | Vault:8  | Lost mutation: You are dopey (Int -1).
 89619 | Vault:8  | Lost mutation: You tend to lose your temper in combat.
 89620 | Vault:8  | Bought a potion of heal wounds for 60 gold pieces
 89659 | Vault:8  | Reached XP level 24. HP: 133/161 MP: 15/20
 89676 | Vault:8  | Reached XP level 25. HP: 167/167 MP: 14/21
 89792 | Vault:8  | Found Orab's Food Shoppe.
 89793 | Vault:8  | Noticed a shining eye
 89794 | Vault:8  | Reached skill level 15 in Short Blades
 89797 | Vault:8  | Defeated a shining eye
 89806 | Vault:8  | Found Shruf's Magic Scroll Boutique.
 89813 | Vault:8  | Bought a scroll of acquirement for 624 gold pieces
 89907 | Vault:8  | Found Psithaigh's Antique Armour Shop.
 89958 | Vault:8  | Bought a pair of distressingly furry boots for 266 gold pieces
 89962 | Vault:8  | Identified the cursed -5 pair of boots "Quucer" (You bought it in a shop on level 8 of the Vaults)
 89973 | Vault:8  | Noticed a deep elf conjurer
 89981 | Vault:8  | Defeated a deep elf conjurer
 90311 | Vault:8  | Gained mutation: Armour fits poorly on your unusually shaped body.
 90569 | Vault:8  | Received a gift from Trog
 90590 | Vault:8  | Got a silver rune of Zot
 90658 | Vault:8  | Noticed a vapour
 90696 | Vault:8  | Defeated a vapour
 90855 | Vault:8  | Noticed a deep elf sorcerer
 90872 | Vault:8  | Gained mutation: Your body is slowly deteriorating.
 90873 | Vault:8  | Defeated a deep elf sorcerer
 90874 | Vault:8  | Gained mutation: Your mind is acute (Int +1).
 91215 | Vault:8  | Received a gift from Trog
 91216 | Vault:8  | Lost mutation: Your mind is acute (Int +1).
 91339 | Vault:8  | Noticed a quicksilver dragon
 91612 | Vault:8  | Gained mutation: Your body is deteriorating.
 91771 | Vault:8  | Defeated a quicksilver dragon
 92560 | Orc:2    | Bought an uncursed amulet of resist mutation for 600 gold pieces
 93222 | D:27     | Entered Level 27 of the Dungeon
 93643 | D:27     | Reached skill level 22 in Dodging
 93756 | Zot:1    | Entered Level 1 of the Realm of Zot
 95359 | Zot:1    | Reached skill level 15 in Traps & Doors
 96025 | Zot:3    | Reached XP level 26. HP: 176/176 MP: 19/21
 96429 | Zot:2    | Gained mutation: Your magical capacity is low (-10% MP).
 96690 | Zot:5    | Entered Level 5 of the Realm of Zot
 97916 | Zot:5    | Noticed an orb of fire
 97933 | Zot:5    | Gained mutation: Your body is rapidly deteriorating.
 97938 | Zot:5    | Gained mutation: You are clumsy (Dex -1).
 97950 | Zot:5    | Noticed an ancient lich
 97954 | Zot:5    | Noticed an ancient lich
 98210 | Zot:5    | Gained mutation: You are weak (Str -1).
 98320 | Zot:5    | Gained mutation: Your vision is a little blurry.
 98382 | Zot:5    | Noticed an ancient lich
 98382 | Zot:5    | Noticed an ancient lich
 98382 | Zot:5    | Noticed an ancient lich
 98382 | Zot:5    | Noticed an ancient lich
 98382 | Zot:5    | Noticed an ancient lich
 98382 | Zot:5    | Noticed an orb of fire
 98387 | Zot:5    | Noticed an ancient lich
 98461 | Zot:4    | HP: 4/176 [ice dragon/blast of cold (21)]
 98462 | Zot:4    | Mangled by an ice dragon
